 Dungeon Crawl Stone Soup version 0.27-a0-1312-g5cdb2b3542 (webtiles) character file.

Game seed: 1159317565601544301

116 freelancePsychic the Firebug (level 5, -41/28 HPs)
             Began as a Gargoyle Fire Elementalist on June 20, 2021.
             Killed by an exploding jackal (42 damage)
             ... ignited by their inner flame
             ... on level 3 of the Dungeon.
             The game lasted 00:05:31 (2663 turns).

freelancePsychic the Firebug (GrFE)                 Turns: 2663, Time: 00:05:32

Health: -41/28     AC:  6    Str: 12    XL:     5   Next: 0%
Magic:  1/9        EV: 11    Int: 16    God:
Gold:   33         SH:  0    Dex: 10    Spells: 9/10 levels left

rFire    . . .     SeeInvis +   (no weapon)
rCold    . . .     Faith    .   (no shield)
rNeg     + . .     Spirit   .   a - +0 robe
rPois    ∞         Reflect  .   (no helmet)
rElec    +         Harm     .   (no cloak)
rCorr    .         Rampage  .   (no gloves)
Will     .....                  (no boots)
Stlth    ++........             (no amulet)
HPRegen  0.09/turn              i - ring of see invisible
MPRegen  0.11/turn              (no ring)

@: no status effects
A: sickness immunity, AC +4, negative energy resistance 1, electricity
resistance, torment resistance 1, petrification resistance
a: no special abilities


You were on level 3 of the Dungeon.
You visited 1 branch of the dungeon, and saw 3 of its levels.

You collected 33 gold pieces.

Inventory:

Armour
 a - a +0 robe (worn)
Jewellery
 i - a ring of see invisible (left hand)
Scrolls
 b - a scroll of immolation
 d - a scroll of summoning {unknown}
 e - a scroll of brand weapon {unknown}
 f - a scroll of identify {unknown}
 g - a scroll of vulnerability {unknown}
 h - a scroll of blinking {unknown}
Potions
 c - a potion of curing {unknown}


   Skills:
 - Level 1.5 Dodging
 - Level 2.1 Stealth
 + Level 3.1 Spellcasting
 + Level 3.0 Conjurations
 + Level 4.0 Fire Magic


You had 9 spell levels left.
You knew the following spells:

 Your Spells              Type           Power      Damage    Failure   Level
a - Foxfire               Conj/Fire      52%        2x1d6     4%          1

Your spell library contained the following spells:

 Spells                   Type           Power      Damage    Failure   Level
 Magic Dart               Conj           48%        1d5       5%          1
 Conjure Flame            Conj/Fire      13%        6-21      13%         3
 Summon Small Mammal      Summ           8%         N/A       19%         1
 Inner Flame              Hex/Fire       8%         N/A       24%         3
 Blink                    Tloc           N/A        N/A       28%         2
 Call Imp                 Summ           2%         N/A       28%         2
 Slow                     Hex            2%         N/A       28%         2
 Mephitic Cloud           Conj/Pois/Air  5%         N/A       36%         3
 Sticky Flame             Conj/Fire      13%        2d4       41%         4
 Call Canine Familiar     Summ           2%         N/A       50%         3
 Summon Guardian Golem    Hex/Summ       2%         N/A       50%         3
 Fireball                 Conj/Fire      6%         3d5       77%         5
 Summon Ice Beast         Ice/Summ       2%         N/A       88%         4
 Summon Lightning Spire   Summ/Air       2%         N/A       88%         4


Dungeon Overview and Level Annotations

Branches:
Dungeon (3/15)

Altars:


Innate Abilities, Weirdness & Mutations

You are immune to sickness and miasma.
Your stone body is resilient. (AC +4)
You are immune to poison.
You resist negative energy. (rN+)
You are resistant to electric shocks. (rElec)
You are resistant to unholy torment.
You are immune to petrification.


Message History

You are too injured to fight recklessly!
Casting: Foxfire (safe; 4% risk of failure)
Confirm with . or Enter, or press ? or * to list all spells.
You conjure some foxfire!
The foxfire hits the giant cockroach.
The giant cockroach is almost dead.
The jackal bites you but does no damage. x2
The jackal bites you. The giant cockroach bites you.
Casting: Foxfire (safe; 4% risk of failure)
Confirm with . or Enter, or press ? or * to list all spells.
You conjure some foxfire!
The foxfire hits the jackal but does no damage.
The foxfire hits the jackal.
The jackal is moderately wounded.
The jackal barely misses you.
The jackal bites you but does no damage. x2
The giant cockroach barely misses you.
The jackal bites you but does no damage.
The jackal closely misses you.
Casting: Foxfire (safe; 4% risk of failure)
Confirm with . or Enter, or press ? or * to list all spells.
You conjure some foxfire!
The foxfire hits the giant cockroach.
You kill the giant cockroach!
The foxfire hits the kobold.
The kobold is severely wounded.
The jackal closely misses you. The jackal barely misses you.
The jackal bites you but does no damage. x2
You have reached level 5!
As you read the scroll labelled ZIBEOL FOGHUBU, it crumbles to dust.
The creatures around you are filled with an inner flame!
It was a scroll of immolation.
The foxfire hits the jackal.
The jackal explodes!
The fiery explosion engulfs your foxfire.
Your foxfire completely resists.
The fiery explosion engulfs the jackal!! x2
The fiery explosion engulfs you!
* * * LOW HITPOINT WARNING * * *
The jackal explodes!
The fiery explosion engulfs you!!!
Ouch! That really hurt!
You die...

.##.# .# ..
##.. .##.##..
#.........#.##
.....#.......##
#.............
#.....K...#
##...§.§...#
#...vv@§§..#
#..#.§§§§..#
#.§§§r..#
#..........
#..........
######.....
..... #....


You could see a kobold (inner flame) and a rat (inner flame).

Vanquished Creatures
  Natasha (twice) (D:2)
  An adder (D:2)
  A worm (D:2)
  A dart slug (D:2)
  2 bats (D:1)
  3 endoplasms
  6 giant cockroaches
  3 goblins
  2 hobgoblins
  10 jackals
  5 kobolds
  3 quokkas
  5 ball pythons
  2 frilled lizards
  3 rats
49 creatures vanquished.

Vanquished Creatures (collateral kills)
  A foxfire (D:1)
1 creature vanquished.

Vanquished Creatures (others)
  170 foxfires
170 creatures vanquished.

Grand Total: 220 creatures vanquished

Notes
Turn   | Place    | Note
-------+----------+-------------------------------------------
     0 | D:1      | freelancePsychic the Gargoyle Fire Elementalist began the
                  | quest for the Orb.
     0 | D:1      | Reached XP level 1. HP: 10/10 MP: 3/3
   352 | D:1      | Reached XP level 2. HP: 14/15 MP: 0/5
  1041 | D:1      | Found a faded altar of an unknown god.
  1052 | D:1      | Reached XP level 3. HP: 17/19 MP: 3/6
  2022 | D:2      | Noticed Natasha
  2457 | D:2      | Reached XP level 4. HP: 24/24 MP: 0/8
  2565 | D:2      | Killed Natasha
  2581 | D:2      | Noticed Natasha
  2592 | D:2      | Killed Natasha
  2660 | D:3      | Reached skill level 4 in Fire Magic
  2663 | D:3      | Reached XP level 5. HP: 13/28 MP: 0/9
  2663 | D:3      | HP: 1/28 [spore (12)]
  2663 | D:3      | Killed by an exploding jackal... ignited by their inner
                  | flame

Illustrated notes

Levels and vault maps discovered:
D:1:      lightli_arrival_farm, layout_basic, chequers_ecumenical_altar_twisty,
          grunt_decor_cap, hex_tiny
D:2:      layout_basic, uniq_natasha
D:3:      layout_rooms, lemuel_tele_altar, grunt_temple_overflow_diamond

Skill      XL: |  1  2  3  4 |
---------------+-------------+-----
Conjurations   | 2 3 |  3.0
Spellcasting   | 3 |  3.1
Fire Magic     | 4 |  4.0
Dodging        | |  1.5
Stealth        | |  2.1

Action                   |  1- 3 |  4- 6 || total
-------------------------+-------+-------++-------
Melee: Unarmed           |    39 |       ||    39
 Cast: Foxfire           |    81 |    21 ||   102
  Use: Scroll            |       |     1 ||     1
Armor: Robe              |    29 |     7 ||    36
Dodge: Dodged            |    42 |    13 ||    55

Table legend: (Time is in decaauts)
 A = Elapsed time spent in this place.
 B = Non-inter-level travel time spent in this place.
 C = Inter-level travel time spent in this place.
 D = Time resting spent in this place.
 E = Time spent auto-exploring this place.
 F = Levels seen in this place.
 G = Mean time per level.
                   A        B        C        D        E       F      G
               +--------+--------+--------+--------+--------+-----+--------+
         Total |   2689 |   2625 |     64 |     57 |   2197 |   3 |  896.3 |
       Dungeon |   2689 |   2625 |     64 |     57 |   2197 |   3 |  896.3 |
               +--------+--------+--------+--------+--------+-----+--------+

Top non-repeatable levels by time:
     D:1: 1619 daAuts
     D:2: 1061 daAuts
     D:3: 8 daAuts
